 Dungeon Crawl Stone Soup version 0.31-a0-162-gc4c5a43528 (webtiles) character file.

Game seed: 17243758891823000045

34 qw the Shooter (level 3, -1/22 HPs)
             Began as a Gargoyle Hunter on June 12, 2023.
             Slain by Robin
             ... wielding a +0 falchion
              (6 damage)
             ... on level 2 of the Dungeon.
             The game lasted 00:00:22 (896 turns).

qw the Shooter (Gargoyle Hunter)                     Turns: 896, Time: 00:00:22

Health: -1/22      AC:  6    Str: 14    XL:     3   Next: 31%
Magic:  3/3        EV: 11    Int:  9    God:
Gold:   97         SH:  0    Dex: 15    Spells: 2/2 levels left

rFire   . . .        Y - +0 shortbow
rCold   . . .        (shield currently unavailable)
rNeg    + . .        c - +0 leather armour
rPois   inf          (no helmet)
rElec   +            (no cloak)
rCorr   .            (no gloves)
SInv    .            (no boots)
Will    .....        (no amulet)
Stlth   ++           (no ring)
HPRegen 0.23/turn    (no ring)
MPRegen 0.08/turn

%: no passive effects
@: no status effects
A: sickness immunity, AC +3, negative energy resistance 1, electricity
resistance, torment resistance 1, petrification resistance
a: no special abilities


You were on level 2 of the Dungeon.
You visited 1 branch of the dungeon, and saw 2 of its levels.

You collected 97 gold pieces.


Innate Abilities, Weirdness & Mutations

You are immune to sickness and miasma.
Your stone body is resilient. (AC +3)
You are immune to poison.
You resist negative energy. (rN+)
You are resistant to electric shocks. (rElec)
You are resistant to unholy torment.
You are immune to petrification.


   Skills:
 + Level 2.4 Fighting
 - Level 5.0 Ranged Weapons
 - Level 1.5 Dodging
 - Level 1.1 Stealth


You had 2 spell levels left.
You didn't know any spells.
Your spell library was empty.

Inventory:

Hand Weapons
 Y - a +0 shortbow (weapon)
Armour
 c - a +0 leather armour (worn)
Scrolls
 d - a scroll of identify
Potions
 a - a potion of haste {unknown}
 b - a potion of degeneration {unknown}
 e - a potion of mutation {unknown}

Dungeon Overview and Level Annotations

Branches:
Dungeon (2/15)

Altars:

Annotations:
D:2 Robin


Message History

You kill the goblin!
A goblin comes into view. It is wielding a +0 club.
You shoot an arrow.
The arrow hits the goblin but does no damage.
The goblin completely misses you. The goblin hits you with a +0 club.
You shoot an arrow. The arrow hits the goblin.
You kill the goblin!
You shoot an arrow. The arrow closely misses the goblin.
The goblin completely misses you. The goblin hits you with a +0 club.
The goblin barely misses you.
You shoot an arrow. The arrow closely misses the goblin.
The goblin hits you but does no damage. The goblin hits you with a +0 club.
You shoot an arrow. The arrow hits the goblin.
You kill the goblin!
You shoot an arrow. The arrow closely misses the goblin.
The goblin hits you but does no damage. The goblin barely misses you.
Robin throws the goblin at you!
You shoot an arrow. The arrow hits the goblin.
You kill the goblin!
The goblin hits you but does no damage. x2
Robin says, "My goblins will feast on your bones."
You shoot an arrow. The arrow closely misses the goblin.
The goblin hits you with a +0 club. The goblin hits you with a +0 dagger.
Robin throws the goblin at you! The goblin hits you but does no damage.
The goblin closely misses you.
You shoot an arrow. The arrow barely misses the goblin.
The goblin hits you but does no damage. The goblin closely misses you.
You shoot an arrow.
The arrow hits Robin but does no damage.
The goblin hits you with a +0 club. The goblin hits you but does no damage.
Robin throws the goblin at you!
You shoot an arrow.
The arrow hits Robin but does no damage.
The goblin hits you but does no damage. Robin hits you with a +0 falchion.
The goblin hits you but does no damage.
You shoot an arrow. The arrow closely misses Robin.
The goblin barely misses you.
Robin points. "Kill!"
Robin hits you with a +0 falchion.
You die...

.# #...# #.#.##..#.#
####### .# #...#
#.#.##..#.#####......
## #...#
#............##.#####
## #...#
##..##.#..##.##.# .#
###..##.#..##.##.# .#
.................#
##.##..#.###[####
#.##g.......#
#.g@)...#####
####g#### #g..# #.###
#. g. ##) #. #g


You could see Robin and 2 goblins.

Vanquished Creatures
  2 dart slugs
  2 bats (D:1)
  2 endoplasms
  A giant cockroach (D:2)
  2 hobgoblins (D:1)
  3 ball pythons
  A frilled lizard (D:2)
  10 goblins
  A kobold (D:1)
  2 rats (D:1)
  A spectral goblin (D:1)
27 creatures vanquished.

Notes
Turn   | Place    | Note
-------+----------+-------------------------------------------
     0 | D:1      | qw the Gargoyle Hunter began the quest for the Orb.
     0 | D:1      | Reached XP level 1. HP: 12/12 MP: 1/1
     0 | D:1      | 0 ||| qw: Version: 0.2-a-29-gc1b59c4
     0 | D:1      | 0 ||| qw: Game counter: 4296
     0 | D:1      | 0 ||| qw: Always use a shield: true
     0 | D:1      | 0 ||| qw: God list: Okawaru
     0 | D:1      | 0 ||| qw: Allow faded altars: false
     0 | D:1      | 0 ||| qw: Do Orc after D:15 true
     0 | D:1      | 0 ||| qw: Do second Lair branch before Depths: true
     0 | D:1      | 0 ||| qw: Lair rune preference: random
     0 | D:1      | 0 ||| qw: Plans: Normal, Zot:1-4, Slime:5, God:TSO, Crypt,
                  | Tomb, Abyss, Pan, Hells, Win
     0 | D:1      | 0 ||| PLANNING D:1-11
   216 | D:1      | Reached XP level 2. HP: 17/17 MP: 2/2
   367 | D:1      | Found a faded altar of an unknown god.
   526 | D:1      | 526 ||| READING scroll labelled GAALOFA YFAH.
   527 | D:1      | 527 ||| READING scroll labelled NAAMEGG TATEDU.
   528 | D:1      | 528 ||| READING scroll labelled GITEL ULOD.
   529 | D:1      | 529 ||| DRINKING 2 bubbling orange potions.
   634 | D:1      | 634 ||| DROPPING scroll of butterflies.
   635 | D:1      | 635 ||| DROPPING potion of berserk rage.
   862 | D:2      | Noticed Robin
   864 | D:2      | Reached XP level 3. HP: 21/21 MP: 3/3
   866 | D:2      | 866 ||| Stepping ~*~*~tactically~*~*~ (outnumbered).
   868 | D:2      | 868 ||| Stepping ~*~*~tactically~*~*~ (outnumbered).
   872 | D:2      | Reached skill level 5 in Ranged Weapons
   895 | D:2      | HP: 5/22 [Robin/+0 falchion (6)]
   896 | D:2      | Slain by Robin

Levels and vault maps discovered:
D:1:      dpeg_arrival_renting, layout_basic,
          dreamdust_ecumenical_altar_drowned_temple
D:2:      layout_loops_cross, chequers_mini_garden, minivault_5,
          chequers_serial_rivers_micro_e, uniq_robin

Skill      XL: |  1  2  3 |
---------------+----------+-----
Ranged Weapons | 5 |  5.0
Fighting       | |  2.4
Dodging        | |  1.5
Stealth        | |  1.1

Action                     || total
---------------------------++-------
   Fire: Shortbow          ||    89
    Use: Scroll            ||     3
         Potion            ||     1
 Armour: Leather armour    ||    32
  Dodge: Dodged            ||    37

Table legend:
 A = Non-vault XP
 B = Vault XP
 C = Vault XP percentage of total XP
 D = Non-vault monster count
 E = Vault monster count
 F = Vault count percentage of total count
                 A         B        C        D         E       F
            +---------+---------+-------+---------+---------+-------
      Total |      32 |      17 |  34.7 |      18 |       9 |  33.3
            +---------+---------+-------+---------+---------+-------
        D:1 |      22 |       1 |   4.3 |      13 |       1 |   7.1
        D:2 |      10 |      16 |  61.5 |       5 |       8 |  61.5
            +---------+---------+-------+---------+---------+-------
